 Dungeon Crawl Stone Soup version 0.22-a0-305-gd21a89c (webtiles) character file.

37172 b5mith the Carver (level 13, -20/122 HPs)
             Began as a Minotaur Berserker on Mar 29, 2018.
             Was a High Priest of Trog.
             Demolished by a very large slime creature (49 damage)
             ... on level 13 of the Dungeon on Mar 30, 2018.
             The game lasted 00:50:29 (15520 turns).

b5mith the Carver (Minotaur Berserker)             Turns: 15520, Time: 00:50:30

Health: -20/122    AC: 35    Str: 27    XL:     13   Next: 57%
Magic:  4/4        EV: 10    Int:  7    God:    Trog [*****.]
Gold:   897        SH:  4    Dex: 10    Spells: 12/12 levels left

rFire    + . .     SeeInvis .   a - +6 triple sword (antimagic)
rCold    . . .     Gourm    .   (shield currently unavailable)
rNeg     . . .     Faith    .   I - +8 orange crystal plate armour {Archmagi, Int+3 Clar}
rPois    .         Spirit   .   (helmet restricted)
rElec    .         Reflect  +   C - +0 cloak
rCorr    .         Harm     .   (no gloves)
MR       .....     Clarity  +   t - +0 pair of boots
Stlth    ..........             x - +4 amulet of reflection
HPRegen  0.30/turn              B - ring of protection from fire
MPRegen  0.09/turn              E - +2 ring of protection

@: no status effects
A: retaliatory headbutt, horns 2
a: Berserk, Trog's Hand, Brothers in Arms, Renounce Religion


You were on level 13 of the Dungeon.
You worshipped Trog.
Trog was extremely pleased with you.
You were not hungry.

You visited 1 branch of the dungeon, and saw 14 of its levels.
You also visited: Ossuary.

You collected 1365 gold pieces.
You spent 468 gold pieces at shops.

Inventory:

Hand Weapons
 a - a +6 antimagic triple sword (weapon)
 b - a +5 hunting sling
Missiles
 d - 8 tomahawks (quivered)
 u - 126 sling bullets
 H - 8 javelins of penetration
Armour
 k - a scarf of cloud immunity
 t - a +0 pair of boots (worn)
 C - a +0 cloak (worn)
 I - the +8 orange crystal plate armour (worn) {Archmagi, Int+3 Clar}
   (You found it on level 7 of the Dungeon)

   It affects your intelligence (+3).
   It protects you against confusion.
Jewellery
 n - an uncursed ring of magical power
 x - a +4 amulet of reflection (around neck)
 B - a ring of protection from fire (left hand)
 E - a +2 ring of protection (right hand)
 U - an uncursed ring of stealth
 Y - an uncursed ring of resist corrosion
Wands
 v - a wand of paralysis (9)
 y - a wand of disintegration (46)
 F - a wand of polymorph (17)
 O - a wand of digging (13)
 Q - a wand of clouds (2)
 R - a wand of enslavement (12)
 S - a wand of random effects (35)
Scrolls
 h - 4 scrolls of identify {@r1}
 i - a scroll of brand weapon {unknown}
 j - 7 scrolls of remove curse {@r2}
 l - a scroll of magic mapping {unknown}
 o - 10 scrolls of teleportation
 q - a scroll of fear {unknown}
 A - a scroll of summoning {unknown}
 G - 5 scrolls of fog
 P - 2 scrolls of enchant armour
 V - a scroll of amnesia {unknown}
 Z - 2 scrolls of silence {unknown}
Potions
 e - 3 potions of invisibility
 f - 5 potions of flight
 g - 8 potions of curing {@q1}
 m - 4 potions of haste
 p - a potion of brilliance {unknown}
 s - a potion of agility {unknown}
 z - a potion of cancellation {unknown}
 D - 3 potions of mutation
 J - a potion of experience {unknown}
 K - a potion of heal wounds {unknown}
 L - a potion of resistance {unknown}
 M - 3 potions of lignification
 X - a potion of might {unknown}
Comestibles
 c - 29 rations


   Skills:
 + Level 13.4 Fighting
 * Level 14.7 Long Blades
 + Level 13.2 Armour
 + Level 12.3 Dodging
   Level 6.2 Shields


You had 12 spell levels left.
You didn't know any spells.

Dungeon Overview and Level Annotations

Branches:
Dungeon (14/15)            Temple (0/1) D:5            Lair (0/6) D:10
    Orc (0/2) D:11         Vaults (0/5) D:13

Altars:
Qazlal
Xom
Yredelemnul

Shops:
D:6 %   D:9 :[=}(}   D:12 %


Innate Abilities, Weirdness & Mutations

You reflexively headbutt those who attack you in melee.
You have a pair of horns on your head.


Message History

Two slime creatures merge to form a very large slime creature.
The very large slime creature hits you!!
You hit the very large slime creature.
You headbutt the very large slime creature!
The very large slime creature is lightly wounded.
The very large slime creature hits you.
* * * LOW HITPOINT WARNING * * *
You slash the very large slime creature!
The very large slime creature is moderately wounded.
The very large slime creature hits you but does no damage.
You barely miss the very large slime creature.
The very large slime creature is moderately wounded.
The very large slime creature closely misses you.
You slice the very large slime creature!!
You headbutt the very large slime creature!
The very large slime creature is heavily wounded.
The very large slime creature hits you!!
* * * LOW HITPOINT WARNING * * *
The very large slime creature hits you!!!
You die...

####.#
#.####.###.............
##..######.####.#
#..###........
#...............# #..#
######..≈ ##..######..###.#
#..# #..≈≈ #..# #.....# #.#
#..### ###).≈≈ #..#
#.##..###.###....###))..≈≈
#..#
#.##.#.............#)##.≈≈
#..#
#.##.#########.....#(###.≈
#..#
#>##.>..J@.......[...####.
#..#
#.....########.....##(.(..
#..#
###................##)####
#..#####.#.#####....#.####)#
##.........# #.###...###<#
#.#####.### #.##.....##[#
#.# #.# #.#.......#.#### #.#
#.# #(.............. #.# #.#
#.........######


You could see a very large slime creature.

Vanquished Creatures
  Kirke (D:13)
  Azrael (D:13)
  An ogre mage (D:13)
  5 vault guards (D:13)
  The ghost of Kaishin the Timeless, a journeyman NaWz of Cheibriados (D:10)
  3 hydras
  An ice dragon (D:11)
  A centaur warrior (D:13)
  4 two-headed ogres
  A death knight (D:12)
  A tengu warrior (D:13)
  A deep elf knight (D:13)
  An unseen horror (D:12)
  A wolf spider (D:12)
  3 deep elf magi
  3 ugly things (D:12)
  A manticore (D:13)
  A centaur zombie (D:11)
  Joseph (D:7)
  2 gargoyles
  A yaktaur (D:13)
  2 tengu conjurers (D:13)
  2 polar bears (D:11)
  5 trolls
  4 hippogriffs
  3 slime creatures
  A shadow (D:12)
  26 yaks
  2 fire elementals (D:13)
  2 vampire mosquitoes (D:13)
  2 hungry ghosts
  3 acid dragons
  4 hell hounds (D:13)
  Duvessa (D:4)
  A porcupine (D:10)
  11 orc warriors
  4 sky beasts
  2 ice beasts
  2 phantoms
  12 ogres
  2 wolves (D:11)
  6 centaurs
  A crocodile (D:10)
  3 big kobolds
  A gnoll sergeant (D:13)
  14 bullfrogs
  Dowan (D:4)
  A wyvern zombie (D:9)
  A scorpion (D:10)
  5 killer bees
  9 wights
  6 howler monkeys
  6 crimson imps
  2 bullfrog zombies
  2 hounds
  A gnoll shaman (D:7)
  7 jellies
  20 orc wizards
  3 bullfrog skeletons
  13 orc priests
  3 centaur skeletons
  Crazy Yiuf (D:6)
  3 iguanas
  6 worker ants
  4 mummies
  A worker ant zombie (D:9)
  A howler monkey skeleton (D:8)
  10 gnolls
  14 adders
  5 shadow imps
  3 white imps (D:11)
  7 oozes
  8 adder zombies
  2 adder skeletons
  3 worms
  4 dart slugs
  7 leopard geckos
  46 orcs
  A ball python (D:2)
  6 bats
  5 giant cockroaches
  8 goblins
  10 hobgoblins
  10 jackals
  3 quokkas
  8 frilled lizards
  2 goblin zombies (Ossuary)
  3 hobgoblin zombies (Ossuary)
  21 kobolds
  A kobold zombie (Ossuary)
  A leopard gecko zombie (D:5)
  A quokka skeleton (D:8)
  6 quokka zombies
  8 rats
  2 rat zombies (Ossuary)
452 creatures vanquished.

Vanquished Creatures (others)
  4 humans (D:13)
  2 centaurs
  6 fungi (D:10)
  2 plants (D:10)
14 creatures vanquished.

Grand Total: 466 creatures vanquished

Notes
Turn   | Place    | Note
-------+----------+-------------------------------------------
     0 | D:1      | b5mith the Minotaur Berserker began the quest for the Orb.
     0 | D:1      | Reached XP level 1. HP: 19/19 MP: 0/0
   280 | D:1      | Reached XP level 2. HP: 22/27 MP: 1/1
   511 | D:1      | Reached skill level 4 in Long Blades
   574 | D:1      | Reached XP level 3. HP: 31/33 MP: 2/2
  1008 | D:2      | Noticed a phantom
  1104 | D:2      | Killed a phantom
  1104 | D:2      | Reached XP level 4. HP: 21/41 MP: 3/3
  1104 | D:2      | Reached XP level 5. HP: 24/47 MP: 4/4
  1414 | D:2      | Reached ** piety under Trog
  2348 | D:3      | Reached skill level 5 in Long Blades
  2958 | D:4      | Reached skill level 5 in Fighting
  2958 | D:4      | Reached skill level 1 in Shields
  3118 | D:4      | Reached XP level 6. HP: 44/56 MP: 5/5
  3308 | D:4      | Noticed Dowan
  3310 | D:4      | Noticed Duvessa
  3315 | D:4      | Killed Duvessa
  3322 | D:4      | Killed Dowan
  3599 | D:4      | Reached XP level 7. HP: 61/61 MP: 6/6
  3630 | D:4      | Reached skill level 5 in Armour
  3688 | D:4      | Found a stormy altar of Qazlal.
  4098 | D:5      | Entered Level 5 of the Dungeon
  4131 | D:5      | Reached *** piety under Trog
  4131 | D:5      | Reached skill level 6 in Long Blades
  4517 | D:5      | Reached skill level 5 in Dodging
  4551 | D:5      | Noticed a hippogriff
  4559 | D:5      | Killed a hippogriff
  4559 | D:5      | Reached XP level 8. HP: 60/71 MP: 7/7
  4744 | D:5      | Found a staircase to the Ecumenical Temple.
  5003 | D:6      | Found a runed door.
  5021 | D:6      | Found Opuapan's Food Shop.
  5228 | D:6      | Reached skill level 7 in Long Blades
  5243 | D:6      | Reached skill level 5 in Shields
  5549 | D:6      | Noticed Crazy Yiuf
  5552 | D:6      | Killed Crazy Yiuf
  5556 | D:6      | Got a fine mace
  5571 | D:6      | Identified the +5 mace of Fiucvaer {vamp, *Slow rElec rN++ MR+} (You found it on level 6 of the Dungeon)
  5817 | D:7      | Noticed Joseph
  5824 | D:7      | Reached XP level 9. HP: 73/79 MP: 8/8
  5839 | D:7      | Killed Joseph
  5892 | D:7      | Found the +8 orange crystal plate armour {Archmagi, Int+3 Clar}
  5905 | D:7      | Reached **** piety under Trog
  5909 | D:7      | Received a gift from Trog
  6336 | D:7      | Reached skill level 8 in Long Blades
  7022 | D:8      | Found a sand-covered staircase.
  7029 | Ossuary  | Entered an ossuary
  7459 | D:8      | Reached ***** piety under Trog
  7482 | D:8      | Noticed a two-headed ogre
  7493 | D:8      | Killed a two-headed ogre
  7493 | D:8      | Reached skill level 9 in Long Blades
  7493 | D:8      | Reached XP level 10. HP: 88/91 MP: 9/9
  7852 | D:9      | Found Roreetih's Gadget Shop.
  7900 | D:9      | Bought a wand of clouds (2) for 234 gold pieces
  7900 | D:9      | Bought a wand of disintegration (14) for 234 gold pieces
  7910 | D:9      | Found Letifur's Armour Boutique.
  7936 | D:9      | Found a basalt altar of Yredelemnul.
  7957 | D:9      | Found Uprig's Weapon Emporium.
  8029 | D:9      | Found Beaddentar's Book Emporium.
  8130 | D:9      | Found Affev's Jewellery Shoppe.
  8203 | D:9      | Found Joer's Gadget Emporium.
  8255 | D:9      | Noticed a gargoyle
  8275 | D:9      | Killed a gargoyle
  8568 | D:10     | Entered Level 10 of the Dungeon
  8610 | D:10     | Reached skill level 10 in Fighting
  8610 | D:10     | Reached skill level 10 in Long Blades
  8799 | D:10     | Received a gift from Trog
  8799 | D:10     | Reached XP level 11. HP: 62/100 MP: 10/10
  8805 | D:10     | Reached skill level 10 in Armour
  8971 | D:10     | Noticed Kaishin's ghost (journeyman NaWz)
  9009 | D:10     | Killed Kaishin's ghost
  9330 | D:10     | Noticed a two-headed ogre
  9340 | D:10     | Killed a two-headed ogre
  9393 | D:10     | Found a staircase to the Lair.
  9904 | D:11     | Reached skill level 11 in Long Blades
  9922 | D:11     | Reached skill level 10 in Dodging
 10093 | D:11     | Received a gift from Trog
 10096 | D:11     | Found a staircase to the Orcish Mines.
 10103 | D:11     | Noticed a five-headed hydra
 10120 | D:11     | Killed an 11-headed hydra
 10205 | D:11     | Noticed a seven-headed hydra
 10218 | D:11     | Killed a 13-headed hydra
 11053 | D:11     | Noticed an ice dragon
 11053 | D:11     | Reached XP level 12. HP: 100/111 MP: 3/11
 11071 | D:11     | Killed an ice dragon
 11534 | D:12     | Reached skill level 12 in Long Blades
 11879 | D:12     | Found Onocunuo's Food Boutique.
 12372 | D:12     | Noticed a two-headed ogre
 12372 | D:12     | Noticed a five-headed hydra
 12379 | D:12     | Killed a ten-headed hydra
 12381 | D:12     | Killed a two-headed ogre
 12505 | D:12     | Reached skill level 13 in Long Blades
 12548 | D:12     | Noticed a death knight
 12569 | D:12     | Killed a death knight
 13018 | D:13     | Noticed a centaur warrior
 13024 | D:13     | Noticed a vault guard
 13197 | D:13     | Killed a centaur warrior
 13202 | D:13     | Reached ****** piety under Trog
 13292 | D:13     | Noticed a tengu warrior
 13309 | D:13     | Killed a tengu warrior
 13329 | D:13     | Noticed Azrael
 13352 | D:13     | Killed Azrael
 13352 | D:13     | Reached XP level 13. HP: 84/119 MP: 4/12
 13560 | D:13     | Received a gift from Trog
 13868 | D:13     | Reached skill level 14 in Long Blades
 14066 | D:13     | Noticed Kirke
 14089 | D:13     | HP: 8/183 [Kirke (10)]
 14092 | D:13     | Killed Kirke
 14513 | D:13     | Found a shimmering altar of Xom.
 15211 | D:13     | Found a gate to the Vaults.
 15520 | D:13     | Demolished by a very large slime creature

Vault maps used:
D:1:      dpeg_arrival_castle
D:2:      serial_forest, infiniplex_forest_lined_1,
          infiniplex_forest_lined_corner, infiniplex_forest_straight_3,
          infiniplex_forest_zigzag_1, infiniplex_forest_clump_large,
          infiniplex_forest_clump_tiny, infiniplex_forest_pool,
          infiniplex_forest_clump_double, infiniplex_forest_lined_ring,
          infiniplex_forest_lined_corner, minmay_tree_intersection,
          nrook_mini_vaults
D:4:      grunt_qazlal_sundering, uniq_duvessa
D:5:      minmay_temple_entry_mist, first_ration
D:6:      serial_shops, shop, uniq_crazy_yiuf_cottage
D:7:      uniq_joseph
D:8:      gup_ossuary_entry_pyramid
D:9:      kennysheep_six_static_rooms, lemuel_doored_altar, serial_shops, shop,
          kennysheep_little_box, shop, nicolae_shop_waterfront, shop,
          kennysheep_windowed_goal
D:10:     grunt_lair_entry_orc_guard_hut
D:11:     david_orc_3, portal_ice_cave_entry_animals_and_master,
          hangedman_little_slice_of_home, minmay_misc_feat_more_columns,
          minmay_nine_imps
D:12:     four-leaf_vault, serial_shops, nicolae_shop_crystal, evilmike_minifort
D:13:     grunt_vaults_entry_fortified, david_defended_altar_elf, uniq_kirke,
          uniq_azrael
D:14:     serial_bayou_pond_c, nrook_guardian_serpent_double
Ossuary:  ossuary_minmay_chase

Skill      XL: |  1  2  3  4  5  6  7  8  9 10 11 12 13 |
---------------+----------------------------------------+-----
Fighting       | 4 5 6 7 9 10 11 12 13 | 13.4
Long Blades    | 4 5 6 7 9 10 11 13 14 | 14.7
Armour         | 3 4 5 6 8 9 11 12 13 | 13.2
Dodging        | 3 4 5 6 7 9 10 11 12 | 12.3
Shields        | 1 2 3 5 6 |  6.2

Action                   |  1- 3 |  4- 6 |  7- 9 | 10-12 | 13-15 || total
-------------------------+-------+-------+-------+-------+-------++-------
Melee: Falchion          |    62 |   119 |   412 |       |       ||   593
       Headbutt          |    10 |    24 |   119 |   122 |    19 ||   294
       Great sword       |       |       |     9 |   300 |       ||   309
       Triple sword      |       |       |       |   219 |   122 ||   341
       Unarmed           |       |       |       |       |     9 ||     9
 Fire: Hunting sling     |       |       |    39 |   204 |    65 ||   308
Invok: Berserk           |     1 |     1 |     2 |     4 |     3 ||    11
  Use: Scroll            |       |     1 |     7 |    17 |       ||    25
 Stab: Sleeping          |     1 |       |       |       |       ||     1
  Eat: Chunk             |       |     5 |    13 |    16 |     3 ||    37
       Ration            |       |     2 |     1 |     2 |     2 ||     7
Armor: Animal skin       |     7 |    10 |       |       |       ||    17
       Ring mail         |       |    15 |    38 |       |       ||    53
       Crystal plate arm |       |       |   131 |   457 |   114 ||   702
Dodge: Dodged            |    37 |    58 |   158 |   245 |    81 ||   579
Block: Buckler           |       |     5 |    64 |       |       ||    69
       Reflection        |       |       |     6 |     6 |       ||    12
       Other             |       |       |    26 |   114 |    29 ||   169
       Rpst.: Falchion   |    12 |    13 |    46 |       |       ||    71
       Great sword       |       |       |       |    30 |       ||    30
       Triple sword      |       |       |       |    24 |     6 ||    30

Table legend:
 A = Spawn XP
 B = Non-spawn XP
 C = Spawn XP percentage of total XP
 D = Spawn monster count
 E = Non-spawn monster count
 F = Spawn count percentage of total count
 G = Total turns spent on level
                    A         B        C        D         E        F      G
               +---------+---------+-------+---------+---------+-------+---------
         Total |       0 |   53104 |   0.0 |       0 |     453 |   0.0 | 15520
               +---------+---------+-------+---------+---------+-------+---------
           D:1 |       0 |      41 |   0.0 |       0 |      19 |   0.0 |   718
           D:2 |       0 |     245 |   0.0 |       0 |      35 |   0.0 |  1451
           D:3 |       0 |      42 |   0.0 |       0 |      20 |   0.0 |   724
           D:4 |       0 |     597 |   0.0 |       0 |      19 |   0.0 |  1205
           D:5 |       0 |     691 |   0.0 |       0 |      13 |   0.0 |   696
           D:6 |       0 |     882 |   0.0 |       0 |      15 |   0.0 |   800
           D:7 |       0 |    1684 |   0.0 |       0 |      34 |   0.0 |  1032
           D:8 |       0 |    1958 |   0.0 |       0 |      34 |   0.0 |   838
           D:9 |       0 |    2348 |   0.0 |       0 |      29 |   0.0 |   931
          D:10 |       0 |    5972 |   0.0 |       0 |      50 |   0.0 |  1234
          D:11 |       0 |    9440 |   0.0 |       0 |      74 |   0.0 |  1639
          D:12 |       0 |    9135 |   0.0 |       0 |      30 |   0.0 |  1732
          D:13 |       0 |   19974 |   0.0 |       0 |      60 |   0.0 |  2345
       Ossuary |       0 |      95 |   0.0 |       0 |      21 |   0.0 |   173
               +---------+---------+-------+---------+---------+-------+---------
